3AAA
HAMILTON COYOTES @ ALASKAN HUMPBACKS
08/15/2025
 
TOP OF THE 1ST
Hamilton Coyotes batting - Pitching for Alaskan Humpbacks : LHP Hermenegildo Beliago
Pitching: LHP Hermenegildo Beliago
Batting: RHB Monty Sharp 0-0: Ball
1-0: Ball
2-0: SINGLE (Groundball, 34D)
Batting: RHB Héctor Rojas 0-0: Called Strike
0-1: Ball
1-1: Reached on error, E5 (Groundball, 56)
Monty Sharp to second
Batting: RHB Noel Wells 0-0: Fly out, F9 (Flyball, 9S)
Batting: RHB Ralph May 0-0: Ball
1-0: Called Strike
1-1: Called Strike
1-2: Ball
2-2: Fly out, F6 (Popup, 4MD)
Batting: RHB Paddy Hodnett 0-0: Ball
1-0: Fly out, F9 (Flyball, 9LSF)
Top of the 1st over - 0 run(s), 1 hit(s), 1 error(s), 2 left on base; Hamilton 0 - Alaskan 0
BOTTOM OF THE 1ST
Alaskan Humpbacks batting - Pitching for Hamilton Coyotes : RHP José Zavala
Pitching: RHP José Zavala
Batting: LHB Ray Merrill 0-0: Ball
1-0: Ball
2-0: Ball
3-0: Called Strike
3-1: Foul Ball, location: 2F
3-2: Base on Balls
Batting: RHB Pablo Marrero 0-0: Ball
1-0: Ball
2-0: Called Strike
2-1: Called Strike
2-2: Ball
3-2: Foul Ball, location: 2F
3-2: Fly out, F8 (Flyball, 8RS)
Batting: RHB Roberto Escues 0-0: Ball
1-0: Ball
2-0: Called Strike
2-1: Ball
3-1: Base on Balls
Ray Merrill to second
Batting: SHB Tony Martínez 0-0: Foul Ball, location: 2F
0-1: Fly out, F9 (Flyball, 9D)
Runner from 2nd tags up, SAFE at 3rd, no throw
Batting: RHB Román Centena 0-0: Ball
1-0: Ball
2-0: SINGLE (Line Drive, 78M)
Ray Merrill scores
Roberto Escues to second
Batting: RHB Thom Beach 0-0: Foul Ball, location: 2F
0-1: Ball
1-1: Foul Ball, location: 2F
1-2: Fly out, F3 (Popup, 3)
Bottom of the 1st over - 1 run(s), 1 hit(s), 0 error(s), 2 left on base; Hamilton 0 - Alaskan 1
TOP OF THE 2ND
Hamilton Coyotes batting - Pitching for Alaskan Humpbacks : LHP Hermenegildo Beliago
Batting: LHB Tony Ríos 0-0: Swinging Strike
0-1: Swinging Strike
0-2: Foul Ball, location: 2F
0-2: Ball
1-2: Strikes out swinging
Batting: RHB Jon Erickson 0-0: Foul Ball, location: 2F
0-1: Foul Ball, location: 2F
0-2: Foul Ball, location: 2F
0-2: Ball
1-2: Foul Ball, location: 2F
1-2: Foul Ball, location: 2F
1-2: Ground out 3-1 (Groundball, 34)
Batting: RHB Stan Pierce 0-0: Called Strike
0-1: Ball
1-1: Called Strike
1-2: Ground out 5-3 (Groundball, 5)
Top of the 2nd over - 0 run(s), 0 hit(s), 0 error(s), 0 left on base; Hamilton 0 - Alaskan 1
BOTTOM OF THE 2ND
Alaskan Humpbacks batting - Pitching for Hamilton Coyotes : RHP José Zavala
Batting: LHB Bryan Gregg 0-0: Swinging Strike
0-1: Ball
1-1: Swinging Strike
1-2: Ball
2-2: Strikes out swinging
Batting: LHB Miguel Martínez 0-0: Ball
1-0: Called Strike
1-1: Ball
2-1: Foul Ball, location: 2F
2-2: Foul Ball, location: 2F
2-2: Ball
3-2: Base on Balls
Batting: RHB Néstor Berino 0-0: Ball
1-0: Swinging Strike
1-1: Ball
2-1: Ball
3-1: Called Strike
3-2: Foul Ball, location: 2F
3-2: SINGLE (Groundball, 34D)
Miguel Martínez to second
Runner from 2nd tries for 3rd, SAFE, throw made to third
Néstor Berino to second
Batting: LHB Ray Merrill 0-0: Ball
1-0: Ball
2-0: Ball
3-0: Called Strike
3-1: Fly out, F8 (Flyball, 8RM)
Runner from 3rd tags up, SCORES, no throw
Batting: RHB Pablo Marrero 0-0: Ground out 6-3 (Groundball, 6)
Bottom of the 2nd over - 1 run(s), 1 hit(s), 0 error(s), 1 left on base; Hamilton 0 - Alaskan 2
TOP OF THE 3RD
Hamilton Coyotes batting - Pitching for Alaskan Humpbacks : LHP Hermenegildo Beliago
Batting: RHB Henry Mann 0-0: Ball
1-0: Ground out 4-3 (Groundball, 4)
Batting: RHB Monty Sharp 0-0: Swinging Strike
0-1: Foul Ball, location: 2F
0-2: Foul Ball, location: 2F
0-2: Strikes out swinging
Batting: RHB Héctor Rojas 0-0: Called Strike
0-1: SOLO HOME RUN (Flyball, 7LD), Distance : 340 ft
Batting: RHB Noel Wells 0-0: Ball
1-0: Ball
2-0: Called Strike
2-1: SOLO HOME RUN (Flyball, 7LD), Distance : 349 ft
Batting: RHB Ralph May 0-0: Called Strike
0-1: Called Strike
0-2: Foul Ball, location: 2F
0-2: Ball
1-2: Ground out 5-3 (Groundball, 5L)
Top of the 3rd over - 2 run(s), 2 hit(s), 0 error(s), 0 left on base; Hamilton 2 - Alaskan 2
BOTTOM OF THE 3RD
Alaskan Humpbacks batting - Pitching for Hamilton Coyotes : RHP José Zavala
Batting: RHB Roberto Escues 0-0: Ball
1-0: Foul Ball, location: 2F
1-1: Foul Ball, location: 2F
1-2: Ball
2-2: Fly out, F4 (Popup, 34)
Batting: SHB Tony Martínez 0-0: Foul Ball, location: 2F
0-1: Ball
1-1: Ball
2-1: Called Strike
2-2: Ball
3-2: SINGLE (Line Drive, 89S)
Batting: RHB Román Centena 0-0: Ball
1-0: SINGLE (Line Drive, 78S)
Tony Martínez to second
Batting: RHB Thom Beach 0-0: Ball
1-0: Called Strike
Tony Martínez steals 3rd base
Román Centena to second
1-1: Called Strike
1-2: Fly out, F8 (Flyball, 8LM)
Runner from 3rd tags up, SCORES, no throw
Batting: LHB Bryan Gregg 0-0: Called Strike
0-1: Called Strike
0-2: Strikes out swinging
Bottom of the 3rd over - 1 run(s), 2 hit(s), 0 error(s), 1 left on base; Hamilton 2 - Alaskan 3
TOP OF THE 4TH
Hamilton Coyotes batting - Pitching for Alaskan Humpbacks : LHP Hermenegildo Beliago
Batting: RHB Paddy Hodnett 0-0: Ball
1-0: Ball
2-0: Ball
3-0: Called Strike
3-1: Fly out, F4 (Popup, 4M)
Batting: LHB Tony Ríos 0-0: Ball
1-0: Foul Ball, location: 2F
1-1: Ball
2-1: Ball
3-1: Base on Balls
Batting: RHB Jon Erickson 0-0: Ball
1-0: Ball
2-0: Foul Ball, location: 2F
2-1: Ball
3-1: Fly out, F9 (Flyball, 9S)
Batting: RHB Stan Pierce 0-0: Ball
1-0: Called Strike
1-1: Called Strike
1-2: Strikes out looking
Top of the 4th over - 0 run(s), 0 hit(s), 0 error(s), 1 left on base; Hamilton 2 - Alaskan 3
BOTTOM OF THE 4TH
Alaskan Humpbacks batting - Pitching for Hamilton Coyotes : RHP José Zavala
Batting: LHB Miguel Martínez 0-0: Ball
1-0: Ball
2-0: Foul Ball, location: 2F
2-1: Ground out U3 (Groundball, 3)
Batting: RHB Néstor Berino 0-0: Ball
1-0: Swinging Strike
1-1: Foul Ball, location: 2F
1-2: Strikes out swinging
Batting: LHB Ray Merrill 0-0: Called Strike
0-1: Fly out, F8 (Flyball, 8LM)
Bottom of the 4th over - 0 run(s), 0 hit(s), 0 error(s), 0 left on base; Hamilton 2 - Alaskan 3
TOP OF THE 5TH
Hamilton Coyotes batting - Pitching for Alaskan Humpbacks : LHP Hermenegildo Beliago
Batting: RHB Henry Mann 0-0: Called Strike
0-1: Called Strike
0-2: Ball
1-2: Strikes out looking
Batting: RHB Monty Sharp 0-0: Ball
1-0: Called Strike
1-1: Swinging Strike
1-2: SINGLE (Flyball, 7S)
Batting: RHB Héctor Rojas 0-0: Called Strike
0-1: Ball
1-1: Swinging Strike
1-2: Ball
2-2: Ball
3-2: Strikes out swinging
Monty Sharp steals 2nd base
Batter strikes out.
Batting: RHB Noel Wells 0-0: Ball
1-0: Called Strike
1-1: Ball
2-1: Foul Ball, location: 2F
2-2: Fly out, F9 (Flyball, 9LMF)
Top of the 5th over - 0 run(s), 1 hit(s), 0 error(s), 1 left on base; Hamilton 2 - Alaskan 3
BOTTOM OF THE 5TH
Alaskan Humpbacks batting - Pitching for Hamilton Coyotes : RHP José Zavala
Batting: RHB Pablo Marrero 0-0: Single, Error in OF, E7, batter to second base
Batting: RHB Roberto Escues 0-0: Foul Ball, location: 2F
0-1: DOUBLE (Flyball, 9LM)
Pablo Marrero scores
Batting: SHB Tony Martínez 0-0: Ball
1-0: Ball
2-0: Called Strike
2-1: DOUBLE (Groundball, 5L)
Roberto Escues scores
Batting: RHB Román Centena 0-0: Intentional Walk
Batting: RHB Thom Beach 0-0: Ball
1-0: Sac Bunt - play at third, runner OUT! 1-6
Román Centena to second
Batting: LHB Bryan Gregg 0-0: Ball
1-0: Called Strike
1-1: Foul Ball, location: 2F
1-2: Ball
2-2: Foul Ball, location: 2F
2-2: Ball
3-2: Foul Ball, location: 2F
3-2: Fly out, F4 (Popup, 4S)
Batting: LHB Miguel Martínez 0-0: Called Strike
0-1: Ball
1-1: Ball
2-1: Swinging Strike
2-2: Ball
3-2: Base on Balls
Román Centena to third
Thom Beach to second
Batting: RHB Néstor Berino 0-0: Ball
1-0: Ball
Wild Pitch!
Román Centena scores
Thom Beach to third
Miguel Martínez to second
2-0: Called Strike
2-1: Ball
3-1: Base on Balls
Pitching: LHP Reynaldo Sánchez
Batting: LHB Ray Merrill 0-0: Ground out 3-1 (Groundball, 34)
Bottom of the 5th over - 3 run(s), 3 hit(s), 1 error(s), 3 left on base; Hamilton 2 - Alaskan 6
TOP OF THE 6TH
Hamilton Coyotes batting - Pitching for Alaskan Humpbacks : LHP Hermenegildo Beliago
Pitching: RHP Mike Russell
Batting: RHB Ralph May 0-0: Ball
1-0: Swinging Strike
1-1: Foul Ball, location: 2F
1-2: Ball
2-2: Fly out, F9 (Flyball, 9LM)
Batting: RHB Paddy Hodnett 0-0: Ball
1-0: Swinging Strike
1-1: Foul Ball, location: 2F
1-2: Strikes out looking
Batting: LHB Tony Ríos 0-0: SINGLE (Line Drive, 89M)
Batting: RHB Jon Erickson 0-0: Called Strike
0-1: Foul Ball, location: 2F
0-2: Ball
1-2: Fielders Choice at 2nd, 6-4 (Groundball, 6)
Top of the 6th over - 0 run(s), 1 hit(s), 0 error(s), 0 left on base; Hamilton 2 - Alaskan 6
BOTTOM OF THE 6TH
Alaskan Humpbacks batting - Pitching for Hamilton Coyotes : LHP Reynaldo Sánchez
Batting: RHB Pablo Marrero 0-0: Foul Ball, location: 2F
0-1: Foul Ball, location: 2F
0-2: Ball
1-2: Ball
2-2: Foul Ball, location: 2F
2-2: Ball
3-2: Foul Ball, location: 2F
3-2: SINGLE (Groundball, 25) (infield hit)
Batting: RHB Roberto Escues 0-0: Ball
1-0: Ball
2-0: Ball
Wild Pitch!
Pablo Marrero to second
3-0: Intentional Walk
Batting: SHB Tony Martínez 0-0: Called Strike
0-1: Ground out 6-3 (Groundball, 6S)
Pablo Marrero to third
Roberto Escues to second
Batting: RHB Román Centena 0-0: Fly out, F9 (Flyball, 9)
Runner from 3rd tags up, SCORES, no throw
Batting: RHB Thom Beach 0-0: Foul Ball, location: 2F
0-1: 2-RUN HOME RUN (Flyball, 7D), Distance : 396 ft
Batting: LHB Bryan Gregg 0-0: Ball
1-0: Ball
2-0: Ground out U3 (Groundball, 3)
Bottom of the 6th over - 3 run(s), 2 hit(s), 0 error(s), 0 left on base; Hamilton 2 - Alaskan 9
TOP OF THE 7TH
Hamilton Coyotes batting - Pitching for Alaskan Humpbacks : RHP Mike Russell
Batting: RHB Stan Pierce 0-0: Called Strike
0-1: Ball
1-1: Ball
2-1: SINGLE (Groundball, 34D)
Batting: RHB Henry Mann 0-0: Called Strike
0-1: SINGLE (Groundball, 6MD)
Stan Pierce to second
Runner from 2nd tries for 3rd, SAFE, throw made to third
Batting: RHB Monty Sharp 0-0: Called Strike
Henry Mann steals 2nd base
0-1: Ball
1-1: SINGLE (Groundball, 56D)
Stan Pierce scores
Henry Mann to third
Batting: RHB Héctor Rojas 0-0: Ball
1-0: Ball
2-0: Called Strike
2-1: Swinging Strike
2-2: Foul Ball, location: 2F
2-2: Foul Ball, location: 2F
2-2: Ball
3-2: Strikes out looking
Monty Sharp is caught stealing 2nd base
Batter strikes out.
Batting: RHB Noel Wells 0-0: Ball
1-0: Ball
2-0: Foul Ball, location: 2F
2-1: Foul Ball, location: 2F
2-2: Foul Ball, location: 2F
2-2: Foul Ball, location: 2F
2-2: Foul Ball, location: 2F
2-2: Ball
3-2: SINGLE (Groundball, 6MD)
Henry Mann scores
Batting: RHB Ralph May 0-0: Ball
Wild Pitch!
Noel Wells to second
1-0: Fly out, F2 (Popup, 15)
Top of the 7th over - 2 run(s), 4 hit(s), 0 error(s), 1 left on base; Hamilton 4 - Alaskan 9
BOTTOM OF THE 7TH
Alaskan Humpbacks batting - Pitching for Hamilton Coyotes : LHP Reynaldo Sánchez
Pitching: LHP Martin Bennett
Batting: LHB Miguel Martínez 0-0: Called Strike
0-1: Foul Ball, location: 2F
0-2: Foul Ball, location: 2F
0-2: Fly out, F7 (Flyball, 7)
Batting: RHB Néstor Berino 0-0: SINGLE (Groundball, 6MD)
Batting: LHB Ray Merrill 0-0: Fielders Choice at 2nd, 4-6 (Groundball, 4)
Batting: RHB Pablo Marrero 0-0: Ball
1-0: Foul Ball, location: 2F
1-1: SINGLE (Line Drive, 4MD)
Ray Merrill to second
Batting: RHB Roberto Escues 0-0: Called Strike
0-1: Swinging Strike
0-2: Ball
1-2: SINGLE (Flyball, 8LS)
Ray Merrill to third
Pablo Marrero to second
Runner from 3rd tries for Home, SAFE, no throw
Batting: SHB Tony Martínez 0-0: Foul Ball, location: 2F
0-1: Ground out U3 (Groundball, 34)
Bottom of the 7th over - 1 run(s), 3 hit(s), 0 error(s), 2 left on base; Hamilton 4 - Alaskan 10
TOP OF THE 8TH
Hamilton Coyotes batting - Pitching for Alaskan Humpbacks : RHP Mike Russell
Batting: RHB Paddy Hodnett 0-0: Called Strike
0-1: SINGLE (Groundball, 6MD)
Batting: LHB Tony Ríos 0-0: Ball
Passed Ball!
Paddy Hodnett to second
1-0: Ball
2-0: Ball
3-0: Base on Balls
Batting: RHB Jon Erickson 0-0: Ball
1-0: Ball
2-0: Foul Ball, location: 2F
2-1: Ball
3-1: Base on Balls
Paddy Hodnett to third
Tony Ríos to second
Batting: RHB Stan Pierce 0-0: Foul Ball, location: 2F
0-1: Called Strike
0-2: Ball
1-2: Ground out 5-3 (Groundball, 56S)
Paddy Hodnett scores
Tony Ríos to third
Jon Erickson to second
Pitching: RHP Wing-tat Ke
Batting: RHB Henry Mann 0-0: Ball
1-0: Foul Ball, location: 2F
1-1: Swinging Strike
1-2: Ground out 1-3 (Groundball, 15S)
Batting: RHB Monty Sharp 0-0: Ball
1-0: Called Strike
1-1: Ground out 5-3 (Groundball, 56)
Top of the 8th over - 1 run(s), 1 hit(s), 0 error(s), 2 left on base; Hamilton 5 - Alaskan 10
BOTTOM OF THE 8TH
Alaskan Humpbacks batting - Pitching for Hamilton Coyotes : LHP Martin Bennett
Batting: RHB Román Centena 0-0: Ball
1-0: Ball
2-0: Ball
3-0: Called Strike
3-1: Base on Balls
Batting: RHB Thom Beach 0-0: Ball
1-0: Ball
2-0: Foul Ball, location: 2F
2-1: Swinging Strike
2-2: Fly out, F6 (Line Drive, 56)
Batting: LHB Bryan Gregg 0-0: Foul Ball, location: 2F
0-1: Foul Ball, location: 2F
0-2: Foul Ball, location: 2F
0-2: Ball
1-2: Ball
2-2: Ground out 3-1 (Groundball, 34)
Román Centena to second
Batting: LHB Miguel Martínez 0-0: Foul Ball, location: 2F
0-1: Fly out, F7 (Flyball, 7S)
Bottom of the 8th over - 0 run(s), 0 hit(s), 0 error(s), 1 left on base; Hamilton 5 - Alaskan 10
TOP OF THE 9TH
Hamilton Coyotes batting - Pitching for Alaskan Humpbacks : RHP Wing-tat Ke
Pitching: LHP Jim Unknown
Now at 2B: Jack Peck
Now at 3B: Manuel Díaz
Batting: RHB Héctor Rojas 0-0: Ball
1-0: Ball
2-0: Ball
3-0: Base on Balls
Batting: RHB Noel Wells 0-0: Called Strike
0-1: Swinging Strike
0-2: Strikes out looking
Batting: RHB Ralph May 0-0: Ball
1-0: Swinging Strike
1-1: Called Strike
1-2: 2-RUN HOME RUN (Flyball, 7D), Distance : 385 ft
Batting: RHB Paddy Hodnett 0-0: Called Strike
0-1: Ball
1-1: Foul Ball, location: 2F
1-2: Ball
2-2: Foul Ball, location: 2F
2-2: Ball
3-2: Base on Balls
Batting: LHB Tony Ríos 0-0: Swinging Strike
0-1: Ball
1-1: Ball
2-1: Ball
3-1: Base on Balls
Paddy Hodnett to second
Batting: RHB Jon Erickson 0-0: Called Strike
0-1: Ball
1-1: Foul Ball, location: 2F
1-2: Ball
2-2: Foul Ball, location: 2F
2-2: Strikes out swinging
Batting: RHB Stan Pierce 0-0: Ball
1-0: Called Strike
1-1: Ball
2-1: Swinging Strike
2-2: SINGLE (Groundball, 6MD)
Paddy Hodnett to third
Tony Ríos to second
Pinch Hitting: RHB Jesús Soto 0-0: Fielders Choice at 2nd, 4-6 (Groundball, 4)
Top of the 9th over - 2 run(s), 2 hit(s), 0 error(s), 2 left on base; Hamilton 7 - Alaskan 10
Friday, December 30th, 2016 - OOTP Baseball 17.12 Build 75